 Dungeon Crawl Stone Soup version 0.27-a0-1136-g0b992a5a9d (webtiles) character file.

Game seed: 15264191071719167627

374 siradein the Poker (level 6, -1/44 HPs)
             Began as a Demonspawn Gladiator on May 4, 2021.
             Was an Initiate of Nemelex Xobeh.
             Slain by an orc
             ... wielding a +0 flail
              (10 damage)
             ... on level 3 of the Dungeon on May 5, 2021.
             The game lasted 00:06:01 (3421 turns).

siradein the Poker (Demonspawn Gladiator)           Turns: 3421, Time: 00:06:01

Health: -1/44      AC:  6    Str: 17    XL:     6   Next: 43%
Magic:  6/6        EV: 12    Int:  9    God:    Nemelex Xobeh [......]
Gold:   140        SH:  0    Dex: 14    Spells: 5/5 levels left

rFire    . . .     SeeInvis .   a - +0 trident
rCold    . . .     Faith    .   (no shield)
rNeg     . . .     Spirit   .   b - +0 leather armour
rPois    .         Reflect  .   (helmet restricted)
rElec    .         Harm     .   (no cloak)
rCorr    .         Rampage  .   (no gloves)
Will     .....                  l - +0 pair of boots
Stlth    +.........             e - amulet of the acrobat
HPRegen  0.14/turn              (no ring)
MPRegen  0.10/turn              (no ring)

@: no status effects
A: horns 1, yellow scales 1
a: Renounce Religion, Draw Escape, Draw Destruction, Draw Summoning


You were on level 3 of the Dungeon.
You worshipped Nemelex Xobeh.
Nemelex Xobeh was noncommittal.
You visited 1 branch of the dungeon, and saw 4 of its levels.

You collected 140 gold pieces.

Inventory:

Hand Weapons
 a - a +0 trident (weapon)
Missiles
 d - 3 throwing nets (quivered)
 j - 3 atropa-tipped darts
Armour
 b - a +0 leather armour (worn)
 l - a +0 pair of boots (worn)
Jewellery
 e - an amulet of the acrobat (around neck)
 n - a +6 ring of dexterity
Wands
 q - a wand of polymorph (5)
Scrolls
 g - a scroll of enchant armour {unknown}
 m - 5 scrolls of vulnerability {unknown}
 o - a scroll of identify {unknown}
 r - a scroll of silence {unknown}
Potions
 c - a potion of brilliance {unknown}
 f - a potion of might {unknown}
 h - a potion of degeneration {unknown}
 i - a potion of curing
 k - a potion of haste {unknown}
 p - a potion of resistance {unknown}


   Skills:
 - Level 2.0 Fighting
 + Level 6.7 Polearms
 - Level 1.7 Throwing
 - Level 2.6 Dodging


You had 5 spell levels left.
You didn't know any spells.
Your spell library was empty.

Dungeon Overview and Level Annotations

Branches:
Dungeon (4/15)
 Temple: D:4-7

Altars:
Hepliaklqana
Nemelex Xobeh
Sif Muna
Uskayaw
Wu Jian
Zin

Annotations:
D:3 1 runed translucent door, Crazy Yiuf


Innate Abilities, Weirdness & Mutations

You have a pair of small horns on your head.
You are partially covered in yellow scales. (AC +2)


Message History

The orc misses you.
The water moccasin zombie closely misses you.
You puncture the water moccasin zombie! You headbutt the water moccasin zombie.
The water moccasin zombie is almost destroyed.
The water moccasin zombie bites you but does no damage.
The orc barely misses you.
You hit the water moccasin zombie.
Your headbutt misses the water moccasin zombie.
The water moccasin zombie is almost destroyed.
The water moccasin zombie bites you but does no damage.
The howler monkey hoots and howls with incredible vigour!
The orc hits you with a +0 flail.
* * * LOW HITPOINT WARNING * * *
You barely miss the water moccasin zombie.
You headbutt the water moccasin zombie.
The water moccasin zombie is almost destroyed.
The water moccasin zombie bites you but does no damage.
The orc barely misses you.
You closely miss the water moccasin zombie.
You headbutt the water moccasin zombie.
You destroy the water moccasin zombie!
The howler monkey hoots and howls with incredible vigour!
The orc hits you with a +0 flail!
* * * LOW HITPOINT WARNING * * *
Items here: ( ) ††.
You see here an inky potion.
The hobgoblin shouts!
There is a stone staircase leading up here.
The orc hits you but does no damage.
You climb upwards.
Level annotation: 1 runed translucent door, Crazy Yiuf
There is a stone staircase leading down here.
You hit the orc but do no damage. The orc hits you with a +0 flail.
* * * LOW HITPOINT WARNING * * *
You see here a +0 helmet.
You closely miss the orc. The orc barely misses you.
You hit the orc but do no damage. The orc closely misses you.
You hit the orc but do no damage. The orc hits you with a +0 flail!
You die...
Your body disappears without a glow.

....................# #####
....................# #..)#
.................>.## #...#
..........<........# ...
...........).......# #+#
............[......# ##.#
.........<.........# #.##
.........#####.....## ##.#
.......#.# #.o@...## #.##
.........## #.......# ##.##
>......[..## #.....#.# #...##
......)....# #.###...# ##...#
........^..###.# #...# #....#
...............###...###....#
..........###...............#
...............#########...##
............##.# #####


You could see an orc.

Vanquished Creatures
  A centaur (D:4)
  A water moccasin zombie (D:4)
  A hound (D:4)
  An orc priest (D:3)
  Natasha (thrice) (D:3)
  2 adders
  A worm (D:4)
  3 dart slugs
  4 orcs
  8 ball pythons
  6 endoplasms
  2 giant cockroaches
  4 goblins
  5 hobgoblins
  11 jackals
  8 kobolds
  2 quokkas (D:4)
  4 frilled lizards
  5 rats (D:1)
72 creatures vanquished.

Vanquished Creatures (others)
  17 plants (D:1)
17 creatures vanquished.

Grand Total: 89 creatures vanquished

Notes
Turn   | Place    | Note
-------+----------+-------------------------------------------
     0 | D:1      | siradein the Demonspawn Gladiator began the quest for the
                  | Orb.
     0 | D:1      | Reached XP level 1. HP: 16/16 MP: 1/1
    25 | D:1      | Reached skill level 3 in Polearms
   195 | D:1      | Gained mutation: You have a pair of small horns on your
                  | head. [demonic ancestry]
   195 | D:1      | Reached XP level 2. HP: 22/22 MP: 2/2
   789 | D:1      | Reached XP level 3. HP: 21/27 MP: 3/3
  1152 | D:2      | Found a faded altar of an unknown god.
  1168 | D:1      | Reached skill level 4 in Polearms
  1546 | D:2      | Found a sparkling altar of Nemelex Xobeh.
  1941 | D:2      | Became a worshipper of Nemelex Xobeh the Trickster
  1962 | D:3      | Reached XP level 4. HP: 29/33 MP: 4/4
  2330 | D:3      | Reached skill level 5 in Polearms
  2522 | D:3      | Found an ornate altar of the Wu Jian Council.
  2549 | D:3      | Noticed Natasha
  2555 | D:3      | Killed Natasha
  2556 | D:3      | Gained mutation: You are partially covered in yellow
                  | scales. (AC +2) [demonic ancestry]
  2556 | D:3      | Reached XP level 5. HP: 38/38 MP: 5/5
  2583 | D:3      | Found a runed translucent door.
  2584 | D:3      | Noticed Crazy Yiuf
  2654 | D:3      | Found a shimmering blue altar of Sif Muna.
  2728 | D:3      | Found a hazy altar of Hepliaklqana.
  2749 | D:3      | Noticed Natasha
  2757 | D:3      | Killed Natasha
  2766 | D:3      | Noticed Natasha
  2776 | D:3      | Killed Natasha
  3287 | D:4      | Found a hide-covered altar of Uskayaw.
  3288 | D:4      | Noticed a centaur
  3307 | D:4      | Reached skill level 6 in Polearms
  3329 | D:4      | Killed a centaur
  3330 | D:4      | Reached XP level 6. HP: 14/44 MP: 6/6
  3421 | D:3      | Slain by an orc

Illustrated notes

Levels and vault maps discovered:
D:1:      roderic_crop_circles_arrival_small, layout_basic
D:2:      layout_rooms, basic_altar, chequers_ecumenical_altar_simple
D:3:      layout_rooms, nicolae_overflow_hidden_temple, lemuel_tele_altar,
          led_sif_pool, nicolae_wu_jian_immortal_techniques,
          lemuel_flame_loot_1, uniq_crazy_yiuf_cottage, uniq_natasha,
          uniq_jessica
D:4:      layout_loops_cross, minmay_misc_feat_cross, minmay_ruined_shrine,
          uniq_blork_the_orc

Skill      XL: |  1  2  3  4  5 |
---------------+----------------+-----
Polearms       | 3 4 5 6 |  6.7
Fighting       | |  2.0
Throwing       | |  1.7
Dodging        | |  2.6

Action                   |  1- 3 |  4- 6 || total
-------------------------+-------+-------++-------
Melee: Trident           |   115 |   109 ||   224
       Headbutt          |     9 |    17 ||    26
  Use: Potion            |       |     1 ||     1
 Stab: Sleeping          |     1 |       ||     1
Armor: Leather armour    |    20 |    35 ||    55
Dodge: Dodged            |    52 |   110 ||   162

Table legend: (Time is in decaauts)
 A = Elapsed time spent in this place.
 B = Non-inter-level travel time spent in this place.
 C = Inter-level travel time spent in this place.
 D = Time resting spent in this place.
 E = Time spent auto-exploring this place.
 F = Levels seen in this place.
 G = Mean time per level.
                   A        B        C        D        E       F      G
               +--------+--------+--------+--------+--------+-----+--------+
         Total |   3438 |   3358 |     80 |      0 |   2755 |   4 |  859.5 |
       Dungeon |   3438 |   3358 |     80 |      0 |   2755 |   4 |  859.5 |
               +--------+--------+--------+--------+--------+-----+--------+

Top non-repeatable levels by time:
     D:3: 1213 daAuts
     D:1: 1174 daAuts
     D:2: 795 daAuts
     D:4: 254 daAuts
